 Dungeon Crawl Stone Soup version 0.20.0-4-g10b340a (webtiles) character file.

949 nikopol the Shield-Bearer (level 8, 0/48 HPs)
             Began as a Gargoyle Fighter on May 27, 2017.
             Slain by an ogre
             ... wielding a +0 giant club
              (11 damage)
             ... on level 5 of the Dungeon.
             The game lasted 00:11:05 (5442 turns).

nikopol the Shield-Bearer (Gargoyle Fighter)        Turns: 5442, Time: 00:11:06

Health: 0/48       AC: 17    Str: 22    XL:     8   Next: 13%
Magic:  8/8        EV:  8    Int:  9    God:
Gold:   372        SH: 10    Dex:  9    Spells: 7/7 levels left

rFire    . . .     SeeInvis .   a - +0 war axe
rCold    . . .     Gourm    .   c - +0 shield
rNeg     + . .     Faith    .   b - +0 scale mail
rPois    ∞         Spirit   .   q - +1 helmet
rElec    +         Reflect  .   (no cloak)
rCorr    .         Harm     .   v - +0 pair of gloves
MR       .....                  s - +0 pair of boots
Stlth    ..........             (no amulet)
Regen    0.2/turn               (no ring)
MPRegen  0.2/turn               (no ring)

@: no status effects
A: negative energy resistance 1, electricity resistance, unbreathing,
petrification resistance, rot immunity, AC +5
a: no special abilities


You were on level 5 of the Dungeon.
You were near starving.

You visited 1 branch of the dungeon, and saw 6 of its levels.

You collected 372 gold pieces.

Inventory:

Hand Weapons
 a - a +0 war axe (weapon)
 B - a +0 broad axe
Armour
 b - a +0 scale mail (worn)
 c - a +0 shield (worn)
 q - a +1 helmet (worn)
 s - a +0 pair of boots (worn)
 v - a +0 pair of gloves (worn)
Jewellery
 D - a cursed ring of loudness {unknown}
 G - an uncursed ring of protection from cold {unknown}
Wands
 n - a wand of random effects (22/48)
Scrolls
 d - a scroll of recharging {unknown}
 g - a scroll of teleportation {unknown}
 i - 4 scrolls of remove curse {unknown}
 j - a scroll of blinking {unknown}
 r - a scroll of random uselessness {unknown}
 t - 3 scrolls of amnesia {unknown}
 w - 4 scrolls of identify {unknown}
 x - a scroll of fear {unknown}
 y - a scroll of fog {unknown}
 F - a scroll of enchant weapon {unknown}
Potions
 e - 4 potions of curing
 h - 2 potions of brilliance {unknown}
 k - 5 potions of haste {unknown}
 l - a potion of agility {unknown}
 m - a potion of heal wounds {unknown}
 o - a potion of ambrosia {unknown}
 p - a potion of berserk rage {unknown}
 u - 2 potions of mutation {unknown}
 C - 2 potions of lignification {unknown}
Comestibles
 f - 4 bread rations
 z - a meat ration
 A - a royal jelly
 E - a fruit


   Skills:
 + Level 4.5 Fighting
 + Level 5.4 Axes
 + Level 5.3 Armour
 + Level 1.9 Dodging
 + Level 5.7 Shields


You had 7 spell levels left.
You didn't know any spells.

Dungeon Overview and Level Annotations

Branches:
Dungeon (6/15)
 Temple: D:4-7

Altars:
Cheibriados
Fedhas
Makhleb
Ru
Trog
Xom
Yredelemnul
Zin

Shops:
D:4 ?=

Annotations:
D:5 Prince Ribbit


Innate Abilities, Weirdness & Mutations

You are resistant to torment.
Your stone body is resilient. (AC +5)
You are immune to poison.
You resist negative energy. (rN+)
You are resistant to electric shocks. (rElec)
You can survive without breathing.
You are immune to petrification.
You are immune to rotting.


Message History

The ogre hits you with a giant club!
There is a stone staircase leading up here.
You slash the ogre!
The ogre is moderately wounded.
The ogre hits you with a giant club!!
You are too injured to fight recklessly!
You are too injured to fight recklessly!
You are too injured to fight recklessly!
You block the ogre's attack.
You climb upwards.
Level annotation: Prince Ribbit
There is a stone staircase leading down here.
You hit the ogre.
The ogre is heavily wounded.
The ogre hits you with a giant club!
* * * LOW HITPOINT WARNING * * *
You barely miss the ogre.
The ogre is heavily wounded.
The ogre hits you with a giant club!
You die...

....................###.##.######
....#...#####.###.#..#...........
...##...#####.##........###.#####
...##.........##..#.###.# #.# #
##.###..########......#.# #.# ##
#.###..########..###.#.###.# #.
#................# #....(..# #.
#.###.........#O)###..[########.
#.# #.###.###.#@.....[.# ##.##.
#.###.###.# #.........[####...#.
#......##.# ###...##............
####...##.# #......[..........
#......# #................)
#...##.# ##..........).....
###.##.#####..........#.....#
#(................####...##
############.###### ##.##


You could see an ogre.

Vanquished Creatures
  Sigmund (D:5)
  2 ogres
  A phantom (D:4)
  A centaur (D:4)
  A bullfrog zombie (D:5)
  2 orc wizards (D:5)
  Jessica (D:2)
  2 worker ants
  Natasha (thrice) (D:3)
  A hound zombie (D:5)
  A hound skeleton (D:4)
  Robin (D:2)
  4 adders
  2 oozes
  4 worms
  6 dart slugs
  3 leopard geckos
  5 orcs
  8 bats
  4 giant cockroaches
  17 goblins
  4 hobgoblins
  9 jackals
  4 quokkas
  A ball python (D:1)
  4 frilled lizards
  3 kobolds
  A leopard gecko skeleton (D:5)
  10 rats
106 creatures vanquished.

Vanquished Creatures (others)
  An ogre (D:6)
  A hound (D:6)
  A jackal skeleton (D:6)
3 creatures vanquished.

Grand Total: 109 creatures vanquished

Notes
Turn   | Place    | Note
-------+----------+-------------------------------------------
     0 | D:1      | nikopol the Gargoyle Fighter began the quest for the Orb.
     0 | D:1      | Reached XP level 1. HP: 14/14 MP: 1/1
   158 | D:1      | Reached XP level 2. HP: 17/19 MP: 2/2
   306 | D:1      | Reached XP level 3. HP: 18/23 MP: 3/3
   929 | D:2      | Noticed Jessica
   934 | D:2      | Killed Jessica
   934 | D:2      | Reached XP level 4. HP: 27/28 MP: 4/4
  1022 | D:2      | Noticed Robin
  1033 | D:2      | Reached XP level 5. HP: 28/32 MP: 5/5
  1042 | D:2      | Killed Robin
  1628 | D:2      | Found a snail-covered altar of Cheibriados.
  1700 | D:3      | Found a faded altar of an unknown god.
  1931 | D:3      | Found a sacrificial altar of Ru.
  1931 | D:3      | Found a basalt altar of Yredelemnul.
  1931 | D:3      | Found a glowing silver altar of Zin.
  1931 | D:3      | Found a blossoming altar of Fedhas.
  1932 | D:3      | Found a bloodstained altar of Trog.
  2026 | D:3      | Noticed an ogre
  2035 | D:3      | Killed an ogre
  2035 | D:3      | Reached XP level 6. HP: 9/38 MP: 6/6
  2458 | D:3      | Noticed Natasha
  2475 | D:3      | Killed Natasha
  2475 | D:3      | Reached skill level 1 in Dodging
  2612 | D:3      | Noticed Natasha
  2672 | D:3      | Killed Natasha
  2852 | D:3      | Noticed Natasha
  2866 | D:3      | Killed Natasha
  3032 | D:4      | Reached skill level 5 in Shields
  3099 | D:4      | Found Omaun's Magic Scroll Boutique.
  3129 | D:4      | Noticed a phantom
  3169 | D:4      | Killed a phantom
  3169 | D:4      | Reached XP level 7. HP: 31/43 MP: 7/7
  3303 | D:4      | Found Xelomowuir's Jewellery Emporium.
  4061 | D:5      | Entered Level 5 of the Dungeon
  4224 | D:5      | Noticed Prince Ribbit
  4249 | D:5      | Reached skill level 5 in Armour
  4798 | D:5      | Noticed Sigmund
  4814 | D:5      | Killed Sigmund
  4814 | D:5      | Reached skill level 5 in Axes
  5154 | D:5      | Reached XP level 8. HP: 48/48 MP: 8/8
  5294 | D:5      | Found a burning altar of Makhleb.
  5333 | D:6      | Found a shimmering altar of Xom.
  5442 | D:5      | Slain by an ogre

Skill      XL: |  1  2  3  4  5  6  7 |
---------------+----------------------+-----
Axes           | 2 3 4 5 |  5.4
Shields        | 4 5 |  5.7
Armour         | 4 5 |  5.3
Dodging        | 1 |  1.9
Fighting       | 4 |  4.5

Action                   |  1- 3 |  4- 6 |  7- 9 || total
-------------------------+-------+-------+-------++-------
Melee: War axe           |   112 |   188 |   130 ||   430
       Broad axe         |       |    57 |       ||    57
  Use: Potion            |       |       |     1 ||     1
  Eat: Chunk             |       |     8 |     4 ||    12
       Fruit             |       |       |     2 ||     2
Armor: Scale mail        |    63 |   145 |    79 ||   287
Dodge: Dodged            |    47 |    87 |    50 ||   184
Block: Shield            |    62 |   161 |    68 ||   291
